 Dungeon Crawl Stone Soup version 0.22-a0-292-g0df9d5f (webtiles) character file.

379 medis the Cutter (level 7, 0/66 HPs)
             Began as a Halfling Skald on Mar 23, 2018.
             Splashed by a jelly's acid (5 damage)
             ... on level 5 of the Dungeon.
             The game lasted 00:16:19 (4288 turns).

medis the Cutter (Halfling Skald)                   Turns: 4288, Time: 00:16:20

Health: 0/66       AC:  7    Str: 14    XL:     7   Next: 4%
Magic:  9/9        EV:  3    Int: 13    God:
Gold:   137        SH:  0    Dex: 14    Spells: 6/9 levels left

rFire    . . .     SeeInvis .   a - +1 dagger
rCold    . . .     Gourm    .   (shield restricted)
rNeg     + + +     Faith    .   (armour currently unavailable)
rPois    +         Spirit   .   (helmet currently unavailable)
rElec    .         Reflect  .   (cloak currently unavailable)
rCorr    .         Harm     .   (gloves currently unavailable)
MR       .....     NoTele   +   (boots currently unavailable)
Stlth    ++........             (no amulet)
HPRegen  0.21/turn              l - ring of positive energy
MPRegen  0.11/turn              (no ring)

@: tree-form, corroded
A: small, mutation resistance 2, strong 1
a: no special abilities


You were on level 5 of the Dungeon.
You were not hungry.
You were a tree.
You visited 1 branch of the dungeon, and saw 6 of its levels.

You collected 137 gold pieces.

Inventory:

Hand Weapons
 a - a +1 dagger (weapon)
 i - a +0 short sword
Armour
 b - a +0 leather armour (melded)
 m - a +0 helmet (melded)
 p - a +2 cloak (melded)
 x - a +2 pair of gloves (melded)
 y - a +0 pair of boots (melded)
Jewellery
 h - an uncursed ring of resist corrosion {unknown}
 l - a ring of positive energy (left branch)
 u - a cursed -4 ring of protection {unknown}
 C - an uncursed ring of ice {unknown}
Wands
 r - a wand of clouds (5)
Scrolls
 c - a scroll of magic mapping {unknown}
 g - 3 scrolls of amnesia
 j - a scroll of teleportation
 q - a scroll of enchant weapon
 s - a scroll of fog {unknown}
 t - a scroll of fear {unknown}
 w - a scroll of noise {unknown}
 D - a scroll of blinking {unknown}
Potions
 e - 3 potions of mutation
 f - a potion of degeneration
 k - a potion of resistance
 n - a potion of ambrosia
 o - a potion of flight {unknown}
 v - a potion of brilliance
 z - a potion of agility
 A - a potion of curing
Comestibles
 d - 4 rations


   Skills:
 - Level 1.7 Fighting
 * Level 6.1 Short Blades
 - Level 1.1 Armour
 - Level 2.1 Dodging
 + Level 3.6 Stealth
 - Level 1.5 Spellcasting
 + Level 4.2 Charms
 + Level 2.2 Translocations


You had 6 spell levels left.
You knew the following spells:

 Your Spells              Type           Power        Failure   Level  Hunger
a - Infusion              Chrm           ##..         4%          1    ##.....
b - Shroud of Golubria    Chrm/Tloc      #.........   11%         2    ###....


Dungeon Overview and Level Annotations

Branches:
Dungeon (6/15)
 Temple: D:4-7

Altars:
Kikubaaqudgha

Shops:
D:4 [

Annotations:
D:3 exclusion: adder
D:6 exclusion: orc


Innate Abilities, Weirdness & Mutations

You are small and have problems with some larger weapons.
You are somewhat resistant to both further mutation and mutation removal.
Your muscles are strong. (Str +2)


Message History

Your shroud begins to fray at the edges.
There is a stone staircase leading up here.
The jelly hits you.
You are splashed with acid!
The acid burns!
* * * LOW HITPOINT WARNING * * *
You climb upwards.
There is a stone staircase leading down here.
Unknown command.
You turn into a tree.
Your +2 cloak melds into your body.
Your +0 helmet melds into your body.
Your +2 pair of gloves melds into your body.
Your +0 pair of boots melds into your body.
Your +0 leather armour melds into your body.
Your roots penetrate the ground.
Your shroud unravels.
The jelly hits you but does no damage.
You hit the jelly but do no damage.
Your branches burn!
* * * LOW HITPOINT WARNING * * *
The jelly is severely wounded.
You hit the jelly but do no damage.
Your branches burn!
You die...

.. .. . .≈#.. .###
♣≈♣.. .$. ## ≈≈≈≈.#
..##.. ≈≈P♣.# #...
≈≈≈P♣ ##.# P≈≈≈♣ #J♣#
≈≈≈P♣##########.##
P≈≈≈≈...........###.♣≈≈
P≈≈≈≈♣..)##........P≈5≈
P≈≈≈≈≈P..#.>#####..≈≈≈≈
≈≈≈≈≈≈♣....## ..≈.≈≈
♣≈P≈≈≈♣..### ..≈≈≈
≈≈≈≈≈≈♣..# .≈≈≈≈
.≈P≈≈P≈..# P≈≈≈


You could see a jelly.

Vanquished Creatures
  The ghost of medis the Charmwright, an amateur HaSk (D:3)
  A bullfrog zombie (D:5)
  A jelly (D:5)
  A worker ant (D:4)
  A hound skeleton (D:5)
  8 adders
  2 oozes
  An adder zombie (D:5)
  A worm (D:4)
  4 dart slugs
  A leopard gecko (D:4)
  An orc (D:3)
  4 giant cockroaches
  6 goblins
  5 hobgoblins
  2 jackals (D:3)
  4 quokkas
  A ball python skeleton (D:4)
  7 bats
  7 frilled lizards
  7 kobolds
  8 rats
74 creatures vanquished.

Notes
Turn   | Place    | Note
-------+----------+-------------------------------------------
     0 | D:1      | medis the Halfling Skald began the quest for the Orb.
     0 | D:1      | Reached XP level 1. HP: 14/14 MP: 3/3
   162 | D:1      | Reached skill level 3 in Short Blades
   162 | D:1      | Reached XP level 2. HP: 16/19 MP: 4/4
   205 | D:1      | Reached skill level 1 in Stealth
   381 | D:1      | Learned a level 2 spell: Shroud of Golubria
   610 | D:1      | Reached XP level 3. HP: 24/24 MP: 5/5
   992 | D:1      | Reached skill level 4 in Short Blades
  1276 | D:2      | Gained mutation: You are somewhat resistant to both further mutation and mutation removal. [potion of mutation]
  1276 | D:2      | Gained mutation: Your muscles are strong. (Str +2) [potion of mutation]
  1605 | D:2      | Reached XP level 4. HP: 29/29 MP: 3/6
  2260 | D:3      | Noticed medis's ghost (amateur HaSk)
  2435 | D:3      | Reached XP level 5. HP: 34/34 MP: 7/7
  2438 | D:3      | Found an ancient bone altar of Kikubaaqudgha.
  2597 | D:3      | Killed medis's ghost
  2597 | D:3      | Reached skill level 5 in Short Blades
  2597 | D:3      | Reached skill level 1 in Translocations
  2597 | D:3      | Reached XP level 6. HP: 20/39 MP: 0/8
  3410 | D:4      | Found Usatah's Armour Boutique.
  3791 | D:4      | Got a pitted helmet
  3802 | D:4      | Identified the +0 helmet of Erunkish {-Cast Str+4 Int+5} (You found it on level 4 of the Dungeon)
  4035 | D:5      | Entered Level 5 of the Dungeon
  4160 | D:5      | Reached skill level 6 in Short Blades
  4160 | D:5      | Reached XP level 7. HP: 40/44 MP: 3/9
  4288 | D:5      | Splashed by a jelly's acid

Vault maps used:
D:1:      eino_arrival_cavern_b, corexii_leaking_fountain
D:3:      nicolae_overflow_crystal_walls, first_ration
D:4:      serial_shops, kennysheep_mini_moat, dk_noncrumbling_4,
          kennysheep_diamond
D:5:      grunt_qazlal_sundering, serial_bayou, serial_bayou_pond_b,
          serial_bayou_pond_e, serial_bayou_ford_a, serial_bayou_pond_a
D:6:      basic_altar

Skill      XL: |  1  2  3  4  5  6 |
---------------+-------------------+-----
Short Blades   | 3 4 5 6 |  6.1
Stealth        | 1 2 3 |  3.6
Translocations | 1 2 |  2.2
Charms         | 4 |  4.2
Fighting       | |  1.7
Armour         | |  1.1
Dodging        | |  2.1
Spellcasting   | |  1.5

Action                   |  1- 3 |  4- 6 |  7- 9 || total
-------------------------+-------+-------+-------++-------
Melee: Short sword       |    66 |       |       ||    66
       Dagger            |    91 |   286 |    26 ||   403
 Cast: Shroud of Golubri |     1 |    19 |     1 ||    21
  Use: Potion            |     2 |     2 |     1 ||     5
       Scroll            |       |     8 |       ||     8
 Stab: Sleeping          |     3 |    11 |       ||    14
  Eat: Chunk             |     2 |     8 |       ||    10
       Ration            |       |     1 |       ||     1
Armor: Leather armour    |    42 |    82 |     5 ||   129
       Skin              |       |       |     1 ||     1
Dodge: Dodged            |   102 |   123 |    11 ||   236

Table legend:
 A = Spawn XP
 B = Non-spawn XP
 C = Spawn XP percentage of total XP
 D = Spawn monster count
 E = Non-spawn monster count
 F = Spawn count percentage of total count
 G = Total turns spent on level
                    A         B        C        D         E        F      G
               +---------+---------+-------+---------+---------+-------+---------
         Total |       0 |     542 |   0.0 |       0 |      74 |   0.0 |  4288
               +---------+---------+-------+---------+---------+-------+---------
           D:1 |       0 |      56 |   0.0 |       0 |      29 |   0.0 |  1241
           D:2 |       0 |      56 |   0.0 |       0 |      12 |   0.0 |  1036
           D:3 |       0 |     237 |   0.0 |       0 |      19 |   0.0 |  1025
           D:4 |       0 |      77 |   0.0 |       0 |      10 |   0.0 |   785
           D:5 |       0 |     116 |   0.0 |       0 |       4 |   0.0 |   153
               +---------+---------+-------+---------+---------+-------+---------
